MLB
BALTIMORE ORIOLES @ LOS ANGELES (A) ANGELS
04/10/2042
 
TOP OF THE 1ST
Baltimore Orioles batting - Pitching for Los Angeles (A) Angels : LHP Ty Gentry
Pitching: LHP Ty Gentry
Batting: RHB Jon Hughes 0-0: Ground out 2-3 (Groundball, 2R, EV 67.5 MPH)
Batting: LHB Quant Melissanides 0-0: Ball
1-0: Called Strike
1-1: Called Strike
1-2: Ball
2-2: Ball
3-2: SINGLE (Groundball, 4MD, EV 99.4 MPH)
Batting: RHB Kratukarana Multani 0-0: Ball
1-0: Called Strike
1-1: Ball
2-1: Foul Ball, location: 2F
2-2: Ball
3-2: Strikes out swinging
Batting: LHB Juan Jose Cabrera 0-0: Ball
1-0: Called Strike
1-1: Foul Ball, location: 9LMF
1-2: Hit by Pitch
Quant Melissanides to second
Batting: RHB Joe Cavanagh 0-0: Called Strike
0-1: Ball
1-1: Ball
2-1: Foul Ball, location: 2F
2-2: Foul Ball, location: 2F
2-2: Foul Ball, location: 9LMF
2-2: Strikes out swinging
Top of the 1st over - 0 runs, 1 hit, 0 errors, 2 left on base; Baltimore 0 - Los Angeles (A) 0
BOTTOM OF THE 1ST
Los Angeles (A) Angels batting - Pitching for Baltimore Orioles : RHP Víctor Castillo
Pitching: RHP Víctor Castillo
Batting: SHB Pancho Baca 0-0: Ball
1-0: Called Strike
1-1: Ground out 4-3 (Groundball, 4, EV 82.5 MPH)
Batting: LHB Tony Morín 0-0: Swinging Strike
0-1: Foul Ball, location: 2F
0-2: Strikes out swinging
Batting: RHB Chris Stephens 0-0: Ball
1-0: Ground out 6-3 (Groundball, 6, EV 81.9 MPH)
Bottom of the 1st over - 0 runs, 0 hits, 0 errors, 0 left on base; Baltimore 0 - Los Angeles (A) 0
TOP OF THE 2ND
Baltimore Orioles batting - Pitching for Los Angeles (A) Angels : LHP Ty Gentry
Batting: RHB Sean Manley 0-0: Called Strike
0-1: Ball
1-1: Fly out, F9 (Flyball, 89S, EV 94.4 MPH)
Batting: LHB Samad Beybukov 0-0: Ball
1-0: Fly out, F5 (Line Drive, 56, EV 73.1 MPH)
Batting: RHB Remigio Aguilar 0-0: Ball
1-0: Called Strike
1-1: Foul Ball, location: 2F
1-2: Foul Ball, location: 5SF
1-2: Fly out, F8 (Flyball, 8LM, EV 86.9 MPH)
Top of the 2nd over - 0 runs, 0 hits, 0 errors, 0 left on base; Baltimore 0 - Los Angeles (A) 0
BOTTOM OF THE 2ND
Los Angeles (A) Angels batting - Pitching for Baltimore Orioles : RHP Víctor Castillo
Batting: LHB Bobby Fontenot 0-0: SOLO HOME RUN (Flyball, 9D, EV 96.3 MPH), Distance : 364 ft
Batting: RHB Brad Rasmussen 0-0: Hit by Pitch
Batting: RHB Joe Pratt 0-0: Ball
Brad Rasmussen steals 2nd base (no throw)
1-0: Called Strike
1-1: Swinging Strike
1-2: Fly out, F3 (Popup, 3SF, EV 86.9 MPH)
Batting: LHB Víctor Cortés 0-0: Ball
1-0: Ball
2-0: Ball
3-0: Foul Ball, location: 5FF
3-1: Base on Balls
Batting: RHB Juan Nava 0-0: Ball
1-0: Fly out, F9 (Flyball, 89S, EV 74.4 MPH)
Batting: RHB Erik Lark 0-0: Called Strike
0-1: Swinging Strike
0-2: Strikes out swinging
Bottom of the 2nd over - 1 run, 1 hit, 0 errors, 2 left on base; Baltimore 0 - Los Angeles (A) 1
TOP OF THE 3RD
Baltimore Orioles batting - Pitching for Los Angeles (A) Angels : LHP Ty Gentry
Batting: SHB Nelson Jiménez 0-0: Ball
1-0: Called Strike
1-1: Ground out 6-3 (Groundball, 6, EV 77.5 MPH)
Batting: RHB Jon Hughes 0-0: Ground out 4-3 (Groundball, 4, EV 86.3 MPH)
Batting: LHB Quant Melissanides 0-0: Foul Ball, location: 23F
0-1: SINGLE (Groundball, 6M, EV 100.0 MPH)
Batting: RHB Kratukarana Multani 0-0: Foul Ball, location: 5F
0-1: Foul Ball, location: 9LSF
0-2: Ball
1-2: Strikes out looking
Top of the 3rd over - 0 runs, 1 hit, 0 errors, 1 left on base; Baltimore 0 - Los Angeles (A) 1
BOTTOM OF THE 3RD
Los Angeles (A) Angels batting - Pitching for Baltimore Orioles : RHP Víctor Castillo
Batting: SHB Pancho Baca 0-0: Ball
1-0: Ball
2-0: Ball
3-0: Called Strike
3-1: Swinging Strike
3-2: Base on Balls
Batting: LHB Tony Morín 0-0: Called Strike
Pancho Baca steals 2nd base
0-1: Foul Ball, location: 7LDF
0-2: Ball
1-2: Strikes out swinging
Batting: RHB Chris Stephens 0-0: Ball
1-0: Ball
2-0: Foul Ball, location: 2F
2-1: Ball
3-1: Foul Ball, location: 2F
3-2: Foul Ball, location: 2F
3-2: Strikes out swinging
Batting: LHB Bobby Fontenot 0-0: Ball
1-0: Fly out, F8 (Flyball, 89XD, EV 85.0 MPH)
Bottom of the 3rd over - 0 runs, 0 hits, 0 errors, 1 left on base; Baltimore 0 - Los Angeles (A) 1
TOP OF THE 4TH
Baltimore Orioles batting - Pitching for Los Angeles (A) Angels : LHP Ty Gentry
Batting: LHB Juan Jose Cabrera 0-0: Called Strike
0-1: Ball
1-1: DOUBLE (Flyball, 7LD, EV 108.1 MPH)
Batting: RHB Joe Cavanagh 0-0: Ground out 6-3 (Groundball, 6, EV 105.0 MPH)
Batting: RHB Sean Manley 0-0: Called Strike
0-1: Called Strike
0-2: Ball
1-2: Foul Ball, location: 3F
1-2: Ball
2-2: Foul Ball, location: 2F
2-2: Ball
3-2: Ground out 6-3 (Groundball, 6, EV 89.4 MPH)
Batting: LHB Samad Beybukov 0-0: Called Strike
0-1: Ball
1-1: Called Strike
1-2: Strikes out swinging
Top of the 4th over - 0 runs, 1 hit, 0 errors, 1 left on base; Baltimore 0 - Los Angeles (A) 1
BOTTOM OF THE 4TH
Los Angeles (A) Angels batting - Pitching for Baltimore Orioles : RHP Víctor Castillo
Batting: RHB Brad Rasmussen 0-0: Swinging Strike
0-1: Foul Ball, location: 9LSF
0-2: Foul Ball, location: 2F
0-2: Ball
1-2: Foul Ball, location: 9LDF
1-2: Ball
2-2: SINGLE (Line Drive, 6MD, EV 101.3 MPH)
Batting: RHB Joe Pratt 0-0: Ball
Brad Rasmussen steals 2nd base
1-0: Foul Ball, location: 5SF
1-1: Called Strike
1-2: Ball
2-2: Strikes out swinging
Batting: LHB Víctor Cortés 0-0: Swinging Strike
0-1: Called Strike
0-2: Ball
1-2: Foul Ball, location: 7LMF
1-2: Ball
2-2: Strikes out swinging
Batting: RHB Juan Nava 0-0: Ball
1-0: Swinging Strike
1-1: Foul Ball, location: 5F
1-2: Strikes out swinging
Bottom of the 4th over - 0 runs, 1 hit, 0 errors, 1 left on base; Baltimore 0 - Los Angeles (A) 1
TOP OF THE 5TH
Baltimore Orioles batting - Pitching for Los Angeles (A) Angels : LHP Ty Gentry
Batting: RHB Remigio Aguilar 0-0: Ball
1-0: Fly out, F9 (Flyball, 9S, EV 88.1 MPH)
Batting: SHB Nelson Jiménez 0-0: Ball
1-0: Foul Ball, location: 3F
1-1: Ball
2-1: SOLO HOME RUN (Flyball, 7D, EV 102.5 MPH), Distance : 406 ft
Batting: RHB Jon Hughes 0-0: Called Strike
0-1: Ball
1-1: Ball
2-1: Fly out, F9 (Flyball, 9S, EV 90.0 MPH)
Batting: LHB Quant Melissanides 0-0: SINGLE (Line Drive, 3D, EV 100.6 MPH)
Batting: RHB Kratukarana Multani 0-0: Called Strike
0-1: Ball
1-1: Fly out, F3 (Popup, 3SF, EV 79.4 MPH)
Top of the 5th over - 1 run, 2 hits, 0 errors, 1 left on base; Baltimore 1 - Los Angeles (A) 1
BOTTOM OF THE 5TH
Los Angeles (A) Angels batting - Pitching for Baltimore Orioles : RHP Víctor Castillo
Batting: RHB Erik Lark 0-0: Called Strike
0-1: Called Strike
0-2: Foul Ball, location: 2LF
0-2: Foul Ball, location: 5F
0-2: Ball
1-2: Foul Ball, location: 2F
1-2: Ball
2-2: Ball
3-2: Ground out 6-3 (Groundball, 6, EV 106.9 MPH)
Batting: SHB Pancho Baca 0-0: SINGLE (Line Drive, 6D, EV 99.4 MPH)
Batting: LHB Tony Morín 0-0: Called Strike
0-1: Ball
1-1: Ball
2-1: Fly out, F6 (Popup, 6MS, EV 78.8 MPH)
Batting: RHB Chris Stephens 0-0: Foul Ball, location: 5FF
0-1: Called Strike
0-2: Hit by Pitch
Pancho Baca to second
Batting: LHB Bobby Fontenot 0-0: Ball
1-0: Foul Ball, location: 7LSF
1-1: Foul Ball, location: 25FF
1-2: SINGLE (Line Drive, 7LS, EV 110.6 MPH)
Pancho Baca to third
Chris Stephens to second
Batting: RHB Brad Rasmussen 0-0: Called Strike
0-1: Ball
1-1: Called Strike
1-2: Strikes out swinging
Bottom of the 5th over - 0 runs, 2 hits, 0 errors, 3 left on base; Baltimore 1 - Los Angeles (A) 1
TOP OF THE 6TH
Baltimore Orioles batting - Pitching for Los Angeles (A) Angels : LHP Ty Gentry
Batting: LHB Juan Jose Cabrera 0-0: Fly out, F9 (Flyball, 9, EV 86.9 MPH)
Batting: RHB Joe Cavanagh 0-0: Ball
1-0: Ball
2-0: Ground out U3 (Groundball, 3, EV 84.4 MPH)
Batting: RHB Sean Manley 0-0: Swinging Strike
0-1: Ball
1-1: Ball
2-1: Ball
3-1: Base on Balls
Batting: LHB Samad Beybukov 0-0: Foul Ball, location: 9LDF
0-1: Swinging Strike
0-2: Foul Ball, location: 2F
0-2: Foul Ball, location: 2F
0-2: Foul Ball, location: 9LDF
0-2: Foul Ball, location: 2F
0-2: Ball
1-2: Foul Ball, location: 7LSF
1-2: Ball
2-2: Ground out 6-3 (Groundball, P, EV 78.8 MPH)
Top of the 6th over - 0 runs, 0 hits, 0 errors, 1 left on base; Baltimore 1 - Los Angeles (A) 1
BOTTOM OF THE 6TH
Los Angeles (A) Angels batting - Pitching for Baltimore Orioles : RHP Víctor Castillo
Pitching: RHP Chris Cole
Batting: RHB Joe Pratt 0-0: Ball
1-0: Called Strike
1-1: Ball
2-1: Fly out, F9 (Flyball, 9S, EV 91.3 MPH)
Batting: LHB Víctor Cortés 0-0: Swinging Strike
0-1: Called Strike
0-2: Ball
1-2: Strikes out swinging
Batting: RHB Juan Nava 0-0: Called Strike
0-1: Swinging Strike
0-2: Ball
1-2: Foul Ball, location: 2LF
1-2: Ball
2-2: Strikes out looking
Bottom of the 6th over - 0 runs, 0 hits, 0 errors, 0 left on base; Baltimore 1 - Los Angeles (A) 1
TOP OF THE 7TH
Baltimore Orioles batting - Pitching for Los Angeles (A) Angels : LHP Ty Gentry
Batting: RHB Remigio Aguilar 0-0: Ball
1-0: Ball
2-0: Ball
3-0: Base on Balls
Batting: SHB Nelson Jiménez 0-0: Swinging Strike
0-1: Ball
1-1: Ball
2-1: Swinging Strike
2-2: Strikes out swinging
Batting: RHB Jon Hughes 0-0: Called Strike
0-1: Foul Ball, location: 9LDF
0-2: Ball
1-2: Ball
2-2: Foul Ball, location: 23F
2-2: Foul Ball, location: 23F
2-2: Fly out, F9 (Flyball, 89S, EV 92.5 MPH)
Batting: LHB Quant Melissanides 0-0: Ball
1-0: Called Strike
1-1: Ground out 4-3 (Groundball, 4, EV 87.5 MPH)
Top of the 7th over - 0 runs, 0 hits, 0 errors, 1 left on base; Baltimore 1 - Los Angeles (A) 1
BOTTOM OF THE 7TH
Los Angeles (A) Angels batting - Pitching for Baltimore Orioles : RHP Chris Cole
Batting: RHB Erik Lark 0-0: Ball
1-0: Foul Ball, location: 3F
1-1: Foul Ball, location: 9LMF
1-2: Ball
2-2: Ground out 5-3 (Groundball, 5, EV 77.5 MPH)
Batting: SHB Pancho Baca 0-0: Ball
1-0: Called Strike
1-1: Foul Ball, location: 7LSF
1-2: SINGLE (Groundball, 6MD, EV 100.6 MPH)
Batting: LHB Tony Morín 0-0: Called Strike
Pancho Baca steals 2nd base
0-1: Ball
1-1: Fielders Choice at 3rd, 6-5 (Groundball, 6, EV 104.4 MPH)
Batting: RHB Chris Stephens 0-0: Called Strike
0-1: Ball
1-1: Ball
2-1: Swinging Strike
2-2: Strikes out swinging
Bottom of the 7th over - 0 runs, 1 hit, 0 errors, 1 left on base; Baltimore 1 - Los Angeles (A) 1
TOP OF THE 8TH
Baltimore Orioles batting - Pitching for Los Angeles (A) Angels : LHP Ty Gentry
Batting: RHB Kratukarana Multani 0-0: Called Strike
0-1: Ground out 5-3 (Groundball, 5S, EV 66.9 MPH)
Batting: LHB Juan Jose Cabrera 0-0: Ball
1-0: Swinging Strike
1-1: Called Strike
1-2: Strikes out swinging
Batting: RHB Joe Cavanagh 0-0: Called Strike
0-1: Ball
1-1: Ground out 5-3 (Groundball, 56, EV 88.1 MPH)
Top of the 8th over - 0 runs, 0 hits, 0 errors, 0 left on base; Baltimore 1 - Los Angeles (A) 1
BOTTOM OF THE 8TH
Los Angeles (A) Angels batting - Pitching for Baltimore Orioles : RHP Chris Cole
Batting: LHB Bobby Fontenot 0-0: Ball
1-0: Called Strike
1-1: Ball
2-1: Ball
3-1: Foul Ball, location: 2F
3-2: Strikes out swinging
Batting: RHB Brad Rasmussen 0-0: Ground out 5-3 (Groundball, 5S, EV 67.5 MPH)
Batting: RHB Joe Pratt 0-0: Fly out, F9 (Flyball, 9, EV 96.3 MPH)
Bottom of the 8th over - 0 runs, 0 hits, 0 errors, 0 left on base; Baltimore 1 - Los Angeles (A) 1
TOP OF THE 9TH
Baltimore Orioles batting - Pitching for Los Angeles (A) Angels : LHP Ty Gentry
Batting: RHB Sean Manley 0-0: Called Strike
0-1: Ball
1-1: Ball
2-1: Ball
3-1: Fly out, F9 (Flyball, 9D, EV 98.1 MPH)
Pinch Hitting: RHB Freddy Hernández 0-0: Called Strike
0-1: Foul Ball, location: 3SF
0-2: Ball
1-2: SINGLE (Line Drive, 5D, EV 101.3 MPH)
Pitching: RHP Wilson Rodríguez
Pinch Hitting: SHB Eddy Andrieux 0-0: Ball
1-0: Ball
2-0: Fly out, F7 (Flyball, 7D, EV 106.9 MPH)
Batting: SHB Nelson Jiménez 0-0: Ball
Freddy Hernández steals 2nd base
1-0: Ball
2-0: Ball
3-0: Called Strike
3-1: SINGLE (Line Drive, 9S, EV 100.6 MPH)
Freddy Hernández to third
Batting: RHB Jon Hughes 0-0: Ball
1-0: Called Strike
1-1: Foul Ball, location: 5FF
1-2: Strikes out swinging
Top of the 9th over - 0 runs, 2 hits, 0 errors, 2 left on base; Baltimore 1 - Los Angeles (A) 1
BOTTOM OF THE 9TH
Los Angeles (A) Angels batting - Pitching for Baltimore Orioles : RHP Chris Cole
Now at SS: Tommy Reyna
Now in CF: Freddy Hernández
Now in RF: Jon Hughes
Batting: LHB Víctor Cortés 0-0: Ball
1-0: Ball
2-0: Ball
3-0: Called Strike
3-1: Foul Ball, location: 2F
3-2: Fly out, F7 (Flyball, 7, EV 88.1 MPH)
Pinch Hitting: LHB Ben King 0-0: SOLO HOME RUN (Flyball, 8LXD, EV 106.9 MPH), Distance : 435 ft
Bottom of the 9th over - 1 run, 1 hit, 0 errors, 0 left on base; Baltimore 1 - Los Angeles (A) 2
Friday, May 3rd , 2024 - OOTP Baseball 24.10 Build 82